 Dungeon Crawl Stone Soup version 0.30.1-4-g462c640d31 (webtiles) character file.

Game seed: 15198564333155920889

6528 HagarQim the Destroyer (level 10, -11/75 HPs)
             Began as a Pale Draconian Conjurer on Aug 24, 2023.
             Was a Priest of Vehumet.
             Mangled by a skeletal warrior
             ... wielding a +0 glaive
              (16 damage)
             ... on level 9 of the Dungeon.
             The game lasted 00:50:07 (11827 turns).

HagarQim the Destroyer (Pale Draconian Conjurer)   Turns: 11827, Time: 00:50:08

Health: -11/75     AC: 14    Str: 21    XL:     10   Next: 69%
Magic:  14/22      EV: 14    Int: 24    God:    Vehumet [***...]
Gold:   412        SH:  0    Dex: 14    Spells: 14/25 levels left

rFire   . . .        s - staff of conjuration "Riexyru" {Fragile rPois Str+8}
rCold   . . .        (no shield)
rNeg    . . .        (body armour unavailable)
rPois   +            (helmet restricted)
rElec   .            D - +0 cloak "Suwoas" {Slay+3}
rCorr   .            g - +2 pair of gloves
SInv    .            k - +2 pair of boots
Will    +....        i - amulet of Beogh's Generosity {Faith Will+ Int+2 Dex+3}
Stlth   +++          H - +6 ring of strength
HPRegen 0.32/turn    G - ring of flight
MPRegen 0.18/turn

%: faith
@: short of breath, flying, unable to read
A: breathe steam, AC +7, unfitting armour, cold-blooded, steam resistance, weak
1, inability to read after injury 1
a: Breathe Steam, Renounce Religion


You were on level 9 of the Dungeon.
You worshipped Vehumet.
Vehumet was most pleased with you.
You visited 2 branches of the dungeon, and saw 10 of its levels.
You also visited: Bailey.

You collected 472 gold pieces.
You spent 60 gold pieces at shops.

Inventory:

Hand Weapons
 u - a +4 trident of venom
 C - a +3 spectral quarterstaff
Armour
 g - a +2 pair of gloves (worn)
 k - a +2 pair of boots (worn)
 n - an orb of wrath
 r - a +0 cloak
 D - the +0 cloak "Suwoas" (worn) {Slay+3}
   (You acquired it in a bailey)

   Slay:      It affects your accuracy & damage with ranged weapons and melee
   (+3).
Magical Staves
 d - a staff of air
 h - a staff of earth
 s - the staff of conjuration "Riexyru" (weapon) {Fragile rPois Str+8}
   (You acquired it in a bailey)

   [staff of conjuration]

   Base accuracy: +5 Base damage: 5 Base attack delay: 1.2 This weapon's minimum
   attack delay (0.6) is reached at skill level 12.
   Str:       It affects your strength (+8).
   rPois:     It protects you from poison.
   Fragile:   It will be destroyed if unequipped.
   It falls into the 'Staves' category.
   It is a one-handed weapon.
 A - a staff of conjuration
 E - the staff of fire "Zezue" {rF+ rC+ Dex+3}
   (You found it on level 7 of the Dungeon)

   [staff of fire]

   Base accuracy: +5 Base damage: 5 Base attack delay: 1.2 This weapon's minimum
   attack delay (0.6) is reached at skill level 12.
   Dex:       It affects your dexterity (+3).
   rF:        It protects you from fire.
   rC:        It protects you from cold.
   It falls into the 'Staves' category.
   It is a one-handed weapon.
Jewellery
 i - the amulet of Beogh's Generosity (around neck) {Faith Will+ Int+2 Dex+3}
   (You acquired it on level 6 of the Dungeon)

   [amulet of faith]

   It allows you to gain divine favour quickly.
   Int:       It affects your intelligence (+2).
   Dex:       It affects your dexterity (+3).
   Will:      It increases your willpower.
 w - a ring of resist corrosion
 G - a ring of flight (right hand)
 H - a +6 ring of strength (left hand)
 Q - a ring of protection from cold
Wands
 t - a wand of mindburst (8)
 y - a wand of polymorph (9)
 F - a wand of flame (23)
 N - a wand of charming (5)
Scrolls
 b - 4 scrolls of fear
 c - 3 scrolls of blinking
 j - 11 scrolls of teleportation
 o - a scroll of enchant weapon
 x - 3 scrolls of amnesia
 z - 4 scrolls of poison
 J - 2 scrolls of magic mapping
 M - a scroll of vulnerability
Potions
 a - 2 potions of magic
 e - 2 potions of flight
 f - a potion of curing
 l - 3 potions of lignification
 m - 4 potions of brilliance
 p - 2 potions of might
 q - a potion of berserk rage {unknown}
 v - 5 potions of haste
 B - a potion of ambrosia
 I - 2 potions of cancellation
 K - 2 potions of heal wounds


   Skills:
 + Level 2.8 Fighting
 + Level 4.6 Staves
 + Level 4.7 Dodging
 + Level 5.0 Stealth
 + Level 8.2 Spellcasting
 + Level 9.2 Conjurations
 + Level 6.0 Translocations
 + Level 2.7 Fire Magic
 + Level 1.0 Air Magic


You had 14 spell levels left.
You knew the following spells:

 Your Spells              Type           Power      Damage    Failure   Level
a - Magic Dart            Conj           100%       1d8       1%          1
b - Searing Ray           Conj           100%       2d8       1%          2
c - Iskenderun's Mystic   Conj/Tloc      63%        2d13      1%          4
d - Shock                 Conj/Air       100%       1d9       1%          1
e - Volatile Blastmotes   Fire/Tloc      60%        2d15      1%          3

Your spell library contained the following spells:

 Spells                   Type           Power      Damage    Failure   Level
 Dazzling Flash           Conj/Hex       96%        N/A       1%          3
 Fulminant Prism          Conj/Hex       24%        3d12      2%          4
 Cigotuvi's Dreadful Rot  Necr/Pois/Air  22%        N/A       9%          2
 Ozocubu's Armour         Ice            9%         N/A       19%         3
 Dispel Undead            Necr           9%         3d8       54%         4
 Metabolic Englaciation   Hex/Ice        4%         N/A       87%         5
 Death Channel            Necr           4%         N/A       100%        6
 Simulacrum               Ice/Necr       4%         N/A       100%        6


Dungeon Overview and Level Annotations

Branches:
Dungeon (9/15)             Temple (1/1) D:4          Bailey (visited)
   Lair: D:8-11         Orc: D:9-12

Altars:
Ashenzari
Cheibriados
Dithmenos
Fedhas
Hepliaklqana
Kikubaaqudgha
Makhleb
Nemelex Xobeh
Okawaru
Qazlal
Ru
Sif Muna
Trog
Uskayaw
Vehumet
Wu Jian
Xom
Yredelemnul
Zin
The Shining One

Shops:
D:5 **   D:8 (   D:9 *

Annotations:
D:2 Sigmund


Innate Abilities, Weirdness & Mutations

You can breathe blasts of scalding, opaque steam.
Your pale cyan-grey scales are hard. (AC +7)
You cannot fit into any form of body armour.
You are cold-blooded and may be slowed by cold attacks.
You are immune to the effects of steam.
You are weak. (Str -2)
You occasionally lose the ability to read scrolls when taking damage.


Message History

Your butterfly is engulfed in blazing flames.
Your butterfly dies!
Your butterfly disappears in a burst of colours!
The searing ray hits the skeletal warrior.
The skeletal warrior is moderately damaged.
Your butterfly disappears in a burst of colours!
Your butterfly is engulfed in blazing flames.
Your butterfly dies!
Your butterfly disappears in a burst of colours!
The skeletal warrior hits you but does no damage.
The searing ray hits the skeletal warrior.
The skeletal warrior is moderately damaged.
The skeletal warrior hits you from afar with a +0 glaive!
The searing ray hits the efreet.
The efreet is lightly wounded.
The searing ray hits the skeletal warrior but does no damage.
The skeletal warrior is moderately damaged.
You finish channelling your searing ray.
Your butterfly disappears in a burst of colours!
The skeletal warrior hits you from afar with a +0 glaive.
The efreet gestures at you.
The fireball explodes!
The fireball engulfs you!!
You feel threatened and lose the ability to read scrolls!
* * * LOW HITPOINT WARNING * * *
The fireball engulfs the efreet.
The efreet completely resists.
You cannot read scrolls in your current state!
Unknown command.
Unknown command.
Unknown command.
Aiming: Breathe Steam (1% risk of failure)
Press: ? - help, Shift-Dir - straight line, f/p - skeletal warrior
Aim: a skeletal warrior, wielding a +0 glaive (moderately damaged, ally target, 74% to hit)
You exhale a blast of scalding steam.
The ball of steam hits the efreet.
The efreet resists.
The efreet is lightly wounded.
The ball of steam hits the skeletal warrior but does no damage.
The skeletal warrior is moderately damaged.
The skeletal warrior is engulfed in a cloud of scalding steam.
The skeletal warrior hits you from afar with a +0 glaive!
You die...

#..b.bb.R#....+..#########.....
..bb....z#....##...............
.........#.....#R......#######.
.........#.....#.°.....'..<..#.
.........#######.°.....#.....#.
...............##'##########.#.
...........○.###..○# #.#.
............○#.#...○ #.#.
.#######.b..zR@#...# #.#.
#.....#...b.#.##+## ###.
#.....#....b### #...
#.....#.....b.# #...
#.....#.....>.# ####
#.....#...b..##
...#.....#......#
...#.....#......#
...#.....#......#


You could see a skeletal warrior (ally target) and an efreet.

Vanquished Creatures
  2 kobold demonologists (Bailey)
  12 yaks
  A steam dragon (D:7)
  Menkaure (D:6)
  An acid dragon (D:9)
  2 water moccasins
  A black bear (D:8)
  2 ice beasts
  A sky beast (D:7)
  12 orc warriors
  2 ogres (D:5)
  3 centaurs (D:9)
  A phantom (D:4)
  4 bullfrogs
  A scorpion (D:5)
  4 wights (D:8)
  6 killer bees (D:8)
  3 howler monkeys (D:9)
  4 electric eels (Bailey)
  A jelly (D:8)
  5 hounds
  An orc priest (D:8)
  2 sleepcaps (D:6)
  2 iguanas
  Ijyb (D:4)
  3 orc wizards
  5 adders
  10 gnolls
  2 white imps
  An ufetubus (D:4)
  2 worms
  5 dart slugs
  30 orcs
  6 ball pythons
  3 bats
  3 endoplasms
  2 giant cockroaches (D:2)
  8 goblins
  11 hobgoblins
  4 kobolds
  2 quokkas
  A frilled lizard (D:1)
  7 rats
180 creatures vanquished.

Vanquished Creatures (others)
  2 spectral weapons (Bailey)
2 creatures vanquished.

Grand Total: 182 creatures vanquished

Notes
Turn   | Place    | Note
-------+----------+-------------------------------------------
     0 | D:1      | HagarQim the Draconian Conjurer began the quest for the
                  | Orb.
     0 | D:1      | Reached XP level 1. HP: 14/14 MP: 3/3
   412 | D:1      | Reached XP level 2. HP: 20/20 MP: 3/5
   497 | D:1      | Learned a level 2 spell: Searing Ray
  1132 | D:2      | Reached XP level 3. HP: 26/26 MP: 1/6
  1515 | D:2      | Noticed Sigmund
  1557 | D:3      | Found a sacrificial altar of Ru.
  1557 | D:3      | Found a hazy altar of Hepliaklqana.
  1591 | D:3      | Found a broken altar of Ashenzari.
  1591 | D:3      | Found an iron altar of Okawaru.
  1667 | D:3      | Reached skill level 5 in Conjurations
  1849 | D:3      | Reached XP level 4. HP: 33/33 MP: 3/7
  2672 | D:4      | Noticed Ijyb
  2756 | D:4      | Killed Ijyb
  2757 | D:4      | Reached XP level 5. HP: 14/38 MP: 5/9
  3065 | D:4      | Noticed a phantom
  3066 | D:4      | Found a staircase to the Ecumenical Temple.
  3078 | D:4      | Killed a phantom
  3129 | D:4      | Reached XP level 6. HP: 42/45 MP: 5/11
  3237 | Temple   | Entered the Ecumenical Temple
  3519 | Temple   | Became a worshipper of Vehumet
  3685 | D:4      | Found a stormy altar of Qazlal.
  3685 | D:4      | Found a burning altar of Makhleb.
  3877 | D:5      | Entered Level 5 of the Dungeon
  3995 | D:5      | Noticed a water moccasin
  4008 | D:5      | Killed a water moccasin
  4009 | D:5      | Reached skill level 6 in Conjurations
  4205 | D:5      | Your scales start taking on a pale cyan-grey colour.
  4205 | D:5      | Reached XP level 7. HP: 51/51 MP: 4/13
  4205 | D:5      | Gained mutation: You are immune to the effects of steam.
                  | [Pale Draconian growth]
  4279 | D:5      | Reached skill level 1 in Translocations
  4762 | D:5      | Reached skill level 1 in Air Magic
  4893 | D:5      | Found Ecluneph's Specific Store.
  4895 | D:5      | Found Boecle's General Store.
  4903 | D:5      | Bought a potion of heal wounds for 60 gold pieces
  5203 | D:6      | Reached skill level 1 in Fire Magic
  5366 | D:6      | Reached * piety under Vehumet
  5366 | D:6      | Offered knowledge of Freeze by Vehumet.
  5545 | D:6      | Found a basalt altar of Yredelemnul.
  5678 | D:6      | Noticed Menkaure
  5690 | D:6      | Killed Menkaure
  5691 | D:6      | Reached skill level 1 in Staves
  5691 | D:6      | Reached skill level 5 in Spellcasting
  5785 | D:6      | Reached XP level 8. HP: 58/58 MP: 9/15
  6188 | D:6      | Identified a scroll of acquirement
  6188 | D:6      | Acquired the amulet of Beogh's Generosity {Faith Will+
                  | Int+2 Dex+3}
  6800 | D:7      | Found a flagged portal.
  6810 | D:7      | Reached skill level 7 in Conjurations
  6819 | Bailey   | Entered a bailey
  6976 | Bailey   | Noticed a kobold demonologist
  6995 | Bailey   | Gained mutation: You are weak. (Str -2) [a neqoxec]
  6996 | Bailey   | Gained mutation: You occasionally lose the ability to read
                  | scrolls when taking damage. [a neqoxec]
  7465 | Bailey   | Reached skill level 1 in Fighting
  7521 | Bailey   | Killed a kobold demonologist
  7584 | Bailey   | Reached XP level 9. HP: 64/64 MP: 13/18
  7729 | Bailey   | Reached skill level 8 in Conjurations
  8118 | Bailey   | Found an iron altar of Okawaru.
  8120 | Bailey   | Noticed a kobold demonologist
  8122 | Bailey   | Noticed a soul eater
  8127 | Bailey   | Offered knowledge of Shock by Vehumet.
  8132 | Bailey   | Killed a kobold demonologist
  8132 | Bailey   | Reached ** piety under Vehumet
  8171 | Bailey   | Identified the +3 leather armour of Houraj {*Slow rElec
                  | Int+2 Dex+2}
  8312 | Bailey   | Acquired the +0 cloak "Suwoas" {Slay+3}
  8313 | Bailey   | Acquired a staff of conjuration
  8315 | Bailey   | Acquired the staff of conjuration "Riexyru" {Fragile rPois
                  | Str+8}
  8816 | D:7      | Learned a level 4 spell: Iskenderun's Mystic Blast
  8818 | D:7      | Learned a level 1 spell: Shock
  8977 | D:7      | Reached XP level 10. HP: 73/73 MP: 10/20
  8991 | D:7      | Reached skill level 5 in Stealth
  9314 | D:7      | Identified the staff of fire "Zezue" {rF+ rC+ Dex+3}
  9796 | D:8      | Reached skill level 5 in Translocations
 10249 | D:8      | Reached skill level 9 in Conjurations
 10376 | D:8      | Found Osezirgh's Antique Weapon Boutique.
 10456 | D:8      | Offered knowledge of Volatile Blastmotes by Vehumet.
 10479 | D:8      | Learned a level 3 spell: Volatile Blastmotes
 10663 | D:8      | Reached *** piety under Vehumet
 11083 | D:9      | Found Riqaudgh's Assorted Antiques.
 11781 | D:9      | Noticed a skeletal warrior
 11827 | D:9      | Mangled by a skeletal warrior

Illustrated notes

Levels and vault maps discovered:
D:1:      dpeg_arrival_simpleton_c, layout_loops_ring, serial_glass,
          glass_columns_a, glass_columns_b
D:2:      layout_basic, minivault_24, uniq_sigmund
D:3:      layout_rooms, grunt_temple_overflow_open, kennysheep_generic_room_2
D:4:      layout_cave_pools, gammafunk_temple_overflow_elements,
          minmay_temple_entry_ruins, uniq_ijyb
D:5:      layout_rooms, hangedman_decor_points, nicolae_specific_store
D:6:      layout_loops_corners, lemuel_round_altar, palyth_stone_intersect,
          uniq_menkaure
D:7:      layout_basic, enter_bailey_2
D:8:      layout_loops_ring, serial_shops, shop, nrook_mini_vaults,
          kennysheep_generic_room_13
D:9:      layout_irregular_city, serial_shops, nicolae_shop_overgrown_old_shop,
          minmay_evil_grid
Temple:   compressed_dpeg_triangle_lava_temple

Skill      XL: |  1  2  3  4  5  6  7  8  9 10 |
---------------+-------------------------------+-----
Stealth        | 2 3 4 5 |  5.0
Conjurations   | 5 6 7 8 9 |  9.2
Spellcasting   | 3 4 5 6 7 8 |  8.2
Dodging        | 2 3 4 |  4.7
Translocations | 2 4 6 |  6.0
Air Magic      | 1 |  1.0
Fire Magic     | 1 2 |  2.7
Staves         | 1 2 4 |  4.6
Fighting       | 1 2 |  2.8

Action                     |  1- 3 |  4- 6 |  7- 9 | 10-12 || total
---------------------------+-------+-------+-------+-------++-------
  Melee: Tailslap          |     2 |    11 |    10 |     2 ||    25
         Unarmed           |     1 |       |       |       ||     1
         Staff             |    11 |    61 |    17 |    13 ||   102
         Dagger            |       |     3 |       |       ||     3
         Quarterstaff      |       |       |    49 |       ||    49
         Punch             |       |       |     1 |       ||     1
   Cast: Magic Dart        |    68 |   109 |   133 |    35 ||   345
         Searing Ray       |     1 |     4 |    40 |    31 ||    76
         Shock             |       |       |       |    16 ||    16
         Volatile Blastmot |       |       |       |    13 ||    13
Ability: Breathe Steam     |       |       |     6 |     1 ||     7
    Use: Scroll            |     1 |     8 |    14 |     7 ||    30
         Potion            |       |     3 |     6 |       ||     9
   Stab: Distracted        |       |       |     4 |       ||     4
         Sleeping          |       |       |     1 |       ||     1
 Armour: Skin              |     8 |    37 |    42 |    34 ||   121
  Dodge: Dodged            |    24 |    51 |    73 |    48 ||   196
